 Dungeon Crawl Stone Soup version 0.28.0-53-g5a82cb258f (webtiles) character file.

Game seed: 2053835962190238919

1645 selky the Blocker (level 8, -5/68 HPs)
             Began as a Deep Dwarf Fighter on July 1, 2022.
             Was an Initiate of Makhleb.
             Killed from afar by an acid dragon (21 damage)
             ... with a splash of acid
             ... on level 7 of the Dungeon.
             The game lasted 00:05:51 (4293 turns).

selky the Blocker (Deep Dwarf Fighter)              Turns: 4293, Time: 00:05:52

Health: -5/68      AC:  6    Str: 22    XL:     8   Next: 67%
Magic:  4/4        EV:  6    Int:  9    God:    Makhleb [......]
Gold:   262        SH:  7    Dex: 12    Spells: 7/7 levels left

rFire   . . .      SeeInvis .   a - +0 war axe
rCold   . . .      Faith    .   c - +0 buckler
rNeg    . . .      Spirit   .   x - +0 plate armour
rPois   .          Reflect  .   h - +0 helmet
rElec   .          Harm     .   (no cloak)
rCorr   .          Rampage  .   g - +0 pair of gloves
Will    +....                   m - +0 pair of boots
Stlth   ..........              (no amulet)
HPRegen 0.00/turn               t - +4 ring of protection
MPRegen 0.09/turn               (no ring)

@: corroded
A: damage resistance, heal wounds, sense surroundings 1, no regeneration
a: Heal Wounds, Renounce Religion


You were on level 7 of the Dungeon.
You worshipped Makhleb.
Makhleb was noncommittal.
You visited 2 branches of the dungeon, and saw 8 of its levels.

You collected 262 gold pieces.

Inventory:

Hand Weapons
 a - a +0 war axe (weapon)
Missiles
 u - 5 javelins
Armour
 b - a +0 scale mail
 c - a +0 buckler (worn)
 g - a +0 pair of gloves (worn)
 h - a +0 helmet (worn)
 m - a +0 pair of boots (worn)
 x - a +0 plate armour (worn)
Jewellery
 t - a +4 ring of protection (left hand)
Wands
 j - a wand of digging (5)
 s - a wand of flame (13)
Scrolls
 e - 2 scrolls of teleportation {unknown}
 f - 3 scrolls of enchant weapon {unknown}
 i - a scroll of immolation {unknown}
 k - 4 scrolls of identify {unknown}
 l - 5 scrolls of blinking {unknown}
 v - a scroll of summoning {unknown}
Potions
 d - a potion of cancellation {unknown}
 n - a potion of degeneration {unknown}
 o - a potion of heal wounds {unknown}
 p - a potion of flight {unknown}
 q - 2 potions of brilliance {unknown}
 r - a potion of lignification {unknown}
 w - 2 potions of haste {unknown}


   Skills:
 - Level 2.6 Fighting
 - Level 2.1 Axes
 - Level 3.2 Armour
 + Level 12.4 Shields


You had 7 spell levels left.
You didn't know any spells.
Your spell library contained the following spells:

 Spells                   Type           Power      Damage    Failure   Level
 Magic Dart               Conj           0%         1d3       100%        1
 Slow                     Hex            0%         N/A       100%        1
 Confusing Touch          Hex            0%         N/A       100%        3
 Gell's Gravitas          Tloc           0%         N/A       100%        3
 Teleport Other           Tloc           0%         N/A       100%        3
 Vampiric Draining        Necr           0%         2d6       100%        3
 Dispersal                Tloc           0%         N/A       100%        6


Dungeon Overview and Level Annotations

Branches:
Dungeon (7/15)             Temple (1/1) D:5

Altars:
Ashenzari
Cheibriados
Elyvilon
Gozag
Hepliaklqana
Kikubaaqudgha
Makhleb
Okawaru
Qazlal
Ru
Sif Muna
Trog
Uskayaw
Vehumet
Wu Jian
Xom
Yredelemnul
Zin
The Shining One

Annotations:
D:5 4 runed translucent doors, slowmoth's ghost, novice DrCj
D:6 Maggie


Innate Abilities, Weirdness & Mutations

You are resistant to damage.
You can heal yourself by infusing magical energy.
You passively map a small area around you.
You do not regenerate.


Message History

Your magical essence is drained by the effort!
You feel much better. The acid dragon bites you.
The acid dragon barely misses you.
You barely miss the acid dragon.
The acid dragon is severely wounded.
The acid dragon bites you!
The acid dragon claws you but does no damage.
You barely miss the acid dragon.
The acid dragon is severely wounded.
The acid dragon bites you but does no damage.
You block the acid dragon's attack.
You hit the acid dragon.
The acid dragon is almost dead.
The acid dragon spits acid at you. The splash of acid hits you!
The acid corrodes you! The acid dragon bites you.
You block the acid dragon's attack.
You closely miss the acid dragon.
The acid dragon is almost dead.
The acid dragon bites you but does no damage.
The acid dragon claws you.
You hit the acid dragon but do no damage.
The acid dragon is almost dead.
The acid dragon barely misses you.
The acid dragon claws you but does no damage.
You block the acid dragon's attack.
The acid dragon claws you but does no damage.
You feel much better. The acid dragon spits acid at you.
The splash of acid hits you!
You hit the acid dragon.
The acid dragon is almost dead.
The acid dragon spits acid at you. The splash of acid hits you!
* * * LOW HITPOINT WARNING * * *
The acid corrodes you!
You barely miss the acid dragon.
The acid dragon is almost dead.
The acid dragon spits acid at you. The splash of acid hits you!!
You die...

, ,, ,
#....# * ,
#.#### * *
, *#)# ,
#.# ,' ,
#†###
#...## ,
*#....# ,
##...## ,
*#D@.## *
#(...# , ,
,
......##*
..$......
*
.........
,
.......###
.....##
..... , ,
,


You could see an acid dragon (catching breath).

Vanquished Creatures
  Prince Ribbit (D:5)
  A sky beast (D:7)
  An ice beast (D:6)
  An ogre (D:5)
  A phantom (D:6)
  6 scorpions (D:5)
  A killer bee (D:5)
  A howler monkey (D:7)
  2 centaur zombies (D:6)
  2 jellies
  A bullfrog zombie (D:3)
  2 hounds
  2 centaur skeletons
  3 iguanas
  Ijyb (D:5)
  An orc wizard (D:4)
  2 killer bee zombies
  3 hound zombies
  A howler monkey zombie (D:5)
  Robin (D:1)
  3 gnolls
  6 adders
  An adder zombie (D:5)
  4 worms
  A dart slug (D:3)
  8 orcs
  6 ball pythons
  4 bats (D:1)
  5 endoplasms
  4 giant cockroaches
  9 goblins
  4 hobgoblins
  4 jackals (D:2)
  A quokka (D:3)
  3 frilled lizards
  4 kobolds
  10 rats
  A spectral hobgoblin (D:1)
112 creatures vanquished.

Vanquished Creatures (others)
  5 plants
5 creatures vanquished.

Grand Total: 117 creatures vanquished

Notes
Turn   | Place    | Note
-------+----------+-------------------------------------------
     0 | D:1      | selky the Deep Dwarf Fighter began the quest for the Orb.
     0 | D:1      | Reached XP level 1. HP: 20/20 MP: 1/1
    85 | D:1      | Reached XP level 2. HP: 24/27 MP: 2/2
   154 | D:1      | Reached skill level 4 in Shields
   192 | D:1      | Found a faded altar of an unknown god.
   444 | D:2      | Noticed Robin
   579 | D:1      | Killed Robin
   580 | D:1      | Reached XP level 3. HP: 33/33 MP: 2/2
   801 | D:2      | Reached skill level 5 in Shields
   881 | D:2      | Found a glowing golden altar of the Shining One.
   931 | D:2      | Reached XP level 4. HP: 28/40 MP: 3/3
  1650 | D:3      | Reached skill level 6 in Shields
  1717 | D:3      | Reached XP level 5. HP: 30/46 MP: 4/4
  2684 | D:4      | Reached skill level 7 in Shields
  2717 | D:4      | Found a stormy altar of Qazlal.
  2874 | D:4      | Reached XP level 6. HP: 21/55 MP: 5/5
  3073 | D:5      | Entered Level 5 of the Dungeon
  3073 | D:5      | Noticed Ijyb
  3092 | D:5      | Killed Ijyb
  3139 | D:5      | Reached skill level 8 in Shields
  3169 | D:5      | Found a runed translucent gate.
  3169 | D:5      | Found a runed translucent gate.
  3169 | D:5      | Found a runed translucent gate.
  3169 | D:5      | Noticed slowmoth's ghost (novice DrCj)
  3171 | D:5      | Found a basalt altar of Yredelemnul.
  3240 | D:5      | Found a runed translucent door.
  3242 | D:5      | Found a runed translucent door.
  3247 | D:5      | Noticed Prince Ribbit
  3254 | D:5      | Killed Prince Ribbit
  3255 | D:5      | Reached skill level 9 in Shields
  3255 | D:5      | Reached XP level 7. HP: 51/61 MP: 6/6
  3272 | D:5      | Reached skill level 10 in Shields
  3311 | D:5      | Reached XP level 8. HP: 8/68 MP: 7/7
  3337 | D:5      | Found a staircase to the Ecumenical Temple.
  3350 | Temple   | Entered the Ecumenical Temple
  3389 | Temple   | Became a worshipper of Makhleb the Destroyer
  3548 | D:5      | Reached skill level 11 in Shields
  3614 | D:5      | Found a radiant altar of Vehumet.
  3617 | D:5      | Got Vehumet's Grimoire of Attacks
  3619 | D:5      | Found an ancient bone altar of Kikubaaqudgha.
  3620 | D:5      | Found a shimmering blue altar of Sif Muna.
  4122 | D:6      | Reached skill level 12 in Shields
  4164 | D:6      | Noticed Maggie
  4293 | D:7      | Killed from afar by an acid dragon

Illustrated notes

Levels and vault maps discovered:
D:1:      minmay_arrival_radiant_lines, layout_rooms,
          dreamdust_ecumenical_altar_drowned_temple, serial_bayou_pond_b,
          due_unseen_surprise
D:2:      layout_basic, basic_altar, guppyfry_early_lair_pool, uniq_robin
D:3:      layout_loops_corners, hangedman_feature_mirror,
          chequers_serial_rivers_micro_d, minivault_5
D:4:      layout_loops_ring, grunt_qazlal_sundering
D:5:      lemuel_insect_pit, layout_cave_pools,
          grunt_temple_overflow_magic_moments, nicolae_yredelemnul_ghost_church,
          minmay_temple_entry_waves, uniq_ijyb, uniq_prince_ribbit1
D:6:      layout_gridville, uniq_maggie, uniq_blork_the_orc
D:7:      layout_cave_pools, mainiacjoe_overflow_paths, serial_gnoll_camp,
          gnoll_camp_mini_hut, gnoll_camp_mini_loothouse, gnoll_camp_medium_02,
          gnoll_camp_mini_hut, gnoll_camp_mini_doghouse, serial_shops,
          shop_fountains, shop, nicolae_shop_statue_plus, enter_bailey_8
Temple:   eino_temple_lava

Skill      XL: |  1  2  3  4  5  6  7  8 |
---------------+-------------------------+-----
Shields        | 4 5 6 7 9 10 12 | 12.4
Fighting       | |  2.6
Axes           | |  2.1
Armour         | |  3.2

Action                   |  1- 3 |  4- 6 |  7- 9 || total
-------------------------+-------+-------+-------++-------
Melee: War axe           |   123 |   237 |   174 ||   534
 Abil: Heal Wounds       |     1 |     5 |    10 ||    16
  Use: Potion            |       |     1 |       ||     1
Armor: Scale mail        |    69 |   130 |    88 ||   287
       Plate armour      |       |       |    40 ||    40
Dodge: Dodged            |    68 |   106 |    86 ||   260
Block: Buckler           |    31 |    58 |   103 ||   192
